 Dungeon Crawl Stone Soup version 0.29-a0-416-g83a48905f1 (webtiles) character file.

Game seed: 9598859106948283073

891 avis the Ruffian (level 7, -6/63 HPs)
             Began as a Deep Dwarf Transmuter on May 17, 2022.
             Was an Initiate of Makhleb.
             Succumbed to a scorpion's poison
             ... on level 5 of the Dungeon.
             The game lasted 00:39:18 (6135 turns).

avis the Ruffian (Deep Dwarf Transmuter)            Turns: 6135, Time: 00:39:18

Health: -6/63      AC:  2    Str: 16    XL:     7   Next: 78%
Magic:  9/11       EV: 19    Int: 13    God:    Makhleb [......]
Gold:   670        SH:  0    Dex: 18    Spells: 4/12 levels left

rFire   . . .      SeeInvis .     - Unarmed
rCold   . . .      Faith    .   (shield currently unavailable)
rNeg    . . .      Spirit   .   (body armour currently unavailable)
rPois   x          Reflect  .   (helmet currently unavailable)
rElec   .          Harm     .   (cloak currently unavailable)
rCorr   .          Rampage  .   (gloves currently unavailable)
Will    ++...                   (boots currently unavailable)
Stlth   ++........              (no amulet)
HPRegen 0.00/turn               B - ring of willpower
MPRegen 0.12/turn               (no ring)

@: lethally poisoned (-6 -> -36), spider-form (expiring)
A: venomous fangs, damage resistance, heal wounds, tiny, sense surroundings 1,
no regeneration
a: Heal Wounds, End Transformation, Renounce Religion


You were on level 5 of the Dungeon.
You worshipped Makhleb.
Makhleb was noncommittal.
You were a venomous arachnid creature.
You visited 2 branches of the dungeon, and saw 6 of its levels.
You also visited: Sewer and Ossuary.

You collected 670 gold pieces.

Inventory:

Hand Weapons
 a - the +5 whip of Might (melded) {freeze, Will- Dex+6}
   (You found it on level 5 of the Dungeon)

   It freezes those it strikes, dealing additional cold damage.
   It can also slow down cold-blooded creatures.
   Dex:       It affects your dexterity (+6).
   Will:      It decreases your willpower.
 j - a +3 dagger of venom
Missiles
 s - 5 poisoned darts
 t - 6 boomerangs
 x - 3 javelins
Armour
 d - a +0 robe (melded)
 q - a +0 pair of boots (melded)
 v - a +0 helmet (melded)
 y - a +2 buckler (melded)
Jewellery
 B - a ring of willpower (left front leg)
 F - an amulet of the acrobat
Wands
 w - a wand of polymorph (2)
Scrolls
 h - 4 scrolls of amnesia {unknown}
 k - a scroll of enchant armour {unknown}
 m - a scroll of torment {unknown}
 n - 5 scrolls of teleportation
 p - 2 scrolls of brand weapon {unknown}
 r - a scroll of vulnerability {unknown}
 u - a scroll of fog {unknown}
 C - a scroll of magic mapping {unknown}
 E - a scroll of immolation {unknown}
Potions
 b - 2 potions of lignification
 c - a potion of curing {unknown}
 e - a potion of berserk rage
 f - 4 potions of haste
 g - 2 potions of might
 i - a potion of heal wounds
 l - a potion of magic {unknown}
 o - a potion of degeneration {unknown}
 z - a potion of invisibility {unknown}
 A - a potion of mutation {unknown}
 D - a potion of attraction {unknown}


   Skills:
 + Level 3.9 Fighting
 - Level 2.1 Dodging
 * Level 2.7 Shields
 + Level 6.0 Unarmed Combat
 - Level 3.0 Spellcasting
 - Level 2.0 Transmutations
 - Level 2.0 Poison Magic


You had 4 spell levels left.
You knew the following spells:

 Your Spells              Type           Power      Damage    Failure   Level
a - Beastly Appendage     Tmut           14%        N/A       24%         1
p - Spider Form           Tmut/Pois      7%         N/A       52%         3
q - Ice Form              Ice/Tmut       4%         N/A       94%         4

Your spell library contained the following spells:

 Spells                   Type           Power      Damage    Failure   Level
 Wereblood                Tmut           7%         N/A       34%         2
 Slow                     Hex            4%         N/A       43%         1
 Stone Arrow              Conj/Erth      2%         3d7       77%         3
 Tukima's Dance           Hex            1%         N/A       77%         3
 Petrify                  Tmut/Erth      4%         N/A       94%         4
 Anguish                  Hex/Necr       0%         N/A       98%         4
 Passage of Golubria      Tloc           1%         N/A       98%         4
 Yara's Violent Unravell  Hex/Tmut       2%         3d3       99%         5
 Iron Shot                Conj/Erth      0%         9d1       100%        6
 Enfeeble                 Hex            0%         N/A       100%        7


Dungeon Overview and Level Annotations

Branches:
Dungeon (5/15)             Temple (1/1) D:5           Sewer (visited)
Ossuary (visited)

Altars:
Ashenzari
Cheibriados
Gozag
Hepliaklqana
Kikubaaqudgha
Makhleb
Nemelex Xobeh
Okawaru
Qazlal
Ru
Sif Muna
Uskayaw
Vehumet
Wu Jian
Xom
The Shining One

Shops:
D:5 ?=*


Innate Abilities, Weirdness & Mutations

You are a venomous arachnid creature.
You have poisonous fangs.
You are tiny and dextrous.
Your spellcasting is less reliable in this form.
Your armour is entirely melded.
You are incapable of wielding weapons or throwing items.
You are resistant to damage.
You can heal yourself by infusing magical energy.
You passively map a small area around you.
You do not regenerate.


Message History

You now have 670 gold pieces (gained 10).
F - an amulet of the acrobat A scorpion comes into view.
Casting: Spider Form (dangerous; 36% risk of failure)
Confirm with . or Enter, or press ? or * to list all spells.
You turn into a venomous arachnid creature.
The +5 whip of Might {freeze, Will- Dex+6} melds into your body.
Your +0 helmet melds into your body.
Your +0 pair of boots melds into your body.
Your +2 buckler melds into your body.
Your +0 robe melds into your body.
The +5 whip of Might {freeze, Will- Dex+6} stops glowing.
A black bear comes into view.
Your transformation is almost over.
The black bear growls angrily.
You completely miss the scorpion. The scorpion misses you.
You barely miss the scorpion. The scorpion misses you.
You hit the scorpion.
The scorpion is poisoned.
The scorpion is moderately wounded.
The scorpion barely misses you. The black bear barely misses you.
The black bear claws you. The black bear completely misses you.
The scorpion stings you.
You are poisoned.
The scorpion poisons you!
You bite the black bear!
The black bear is poisoned.
The black bear is moderately wounded.
You feel sick. The scorpion stings you!
* * * LOW HITPOINT WARNING * * *
You are lethally poisoned!
The scorpion poisons you! The black bear closely misses you.
The black bear claws you. The black bear barely misses you.
You hit the black bear.
The black bear is heavily wounded.
* * * LOW HITPOINT WARNING * * *
You feel extremely sick. The scorpion stings you!
* * * LOW HITPOINT WARNING * * *
You are more poisoned.
The scorpion poisons you!
You fail to use your ability.
You die...

#### #... #... ####...####
##########
#.....h...#####........# *
** #.....ss........######.#
..........####### #.# ,
###.....#### #.# ,
...#...#...# #.# , ###....
##.# #.# , ....# #..#. #.#
#.# .......#.#.####.#######
#.# , ...##.#.#..##........#
#.. *,
...##.#..............#######


You could see a black bear (very poisoned) and a scorpion (very poisoned).

Vanquished Creatures
  A water moccasin (Sewer)
  An ogre (D:5)
  An elf zombie (Ossuary)
  2 scorpions
  4 hounds
  An orc priest (D:4)
  An iguana (D:4)
  Terence (D:3)
  3 orc wizards
  2 mummies (Ossuary)
  Robin (D:3)
  5 adders
  4 worms
  2 dart slugs (D:1)
  13 orcs
  11 ball pythons
  9 bats
  9 endoplasms
  8 giant cockroaches
  13 goblins
  8 hobgoblins
  7 jackals
  6 kobolds
  5 quokkas
  9 frilled lizards
  4 gnoll zombies (Ossuary)
  4 goblin zombies (Ossuary)
  3 hobgoblin zombies (Ossuary)
  2 orc zombies (Ossuary)
  A quokka zombie (D:5)
  3 rats
  A rat zombie (D:5)
145 creatures vanquished.

Notes
Turn   | Place    | Note
-------+----------+-------------------------------------------
     0 | D:1      | avis the Deep Dwarf Transmuter began the quest for the Orb.
     0 | D:1      | Reached XP level 1. HP: 16/16 MP: 3/3
   116 | D:1      | Reached skill level 1 in Fighting
   209 | D:1      | Reached skill level 3 in Unarmed Combat
   218 | D:1      | Reached XP level 2. HP: 23/25 MP: 1/4
   924 | D:1      | Got the Almanac of Fetching Clay
  1036 | D:1      | Reached XP level 3. HP: 23/31 MP: 3/6
  1066 | D:1      | Learned a level 3 spell: Spider Form
  1897 | D:2      | Found a faded altar of an unknown god.
  2008 | D:2      | Found a shimmering blue altar of Sif Muna.
  2033 | D:2      | Reached XP level 4. HP: 25/39 MP: 5/7
  2301 | D:3      | Found a broken altar of Ashenzari.
  2453 | D:3      | Found a sacrificial altar of Ru.
  2464 | D:3      | Reached skill level 4 in Unarmed Combat
  2464 | D:3      | Reached skill level 1 in Poison Magic
  2509 | D:3      | Reached XP level 5. HP: 17/45 MP: 6/8
  2871 | D:3      | Noticed Robin
  2946 | D:3      | Killed Robin
  2994 | D:3      | Noticed Terence
  2997 | D:3      | HP: 2/46 [quokka (4)]
  3086 | D:3      | Killed Terence
  3473 | D:4      | Found a glowing drain.
  3510 | Sewer    | Entered a sewer
  3547 | Sewer    | Learned a level 4 spell: Ice Form
  3603 | Sewer    | Noticed a water moccasin
  3609 | Sewer    | HP: 2/46 [poisoned by a water moccasin]
  3619 | Sewer    | Killed a water moccasin
  3620 | Sewer    | Reached skill level 5 in Unarmed Combat
  3620 | Sewer    | Reached XP level 6. HP: 34/55 MP: 3/9
  4537 | D:4      | Found a stormy altar of Qazlal.
  4544 | D:4      | Reached XP level 7. HP: 47/62 MP: 6/10
  4800 | D:5      | Entered Level 5 of the Dungeon
  4906 | D:5      | Found a sand-covered staircase.
  4947 | Ossuary  | Entered an ossuary
  5188 | Ossuary  | Reached skill level 1 in Shields
  5332 | D:5      | Found a staircase to the Ecumenical Temple.
  5345 | Temple   | Entered the Ecumenical Temple
  5490 | Temple   | Became a worshipper of Makhleb the Destroyer
  5802 | D:5      | Identified the +5 whip of Might {freeze, Will- Dex+6}
  5841 | D:5      | Reached skill level 6 in Unarmed Combat
  5860 | D:5      | Found a snail-covered altar of Cheibriados.
  5971 | D:5      | Found Esipp's Magic Scroll Shoppe.
  5972 | D:5      | Found Mierph Puli's Jewellery Emporium.
  5974 | D:5      | Found Aqesymimm's Assorted Antiques.
  6135 | D:5      | Succumbed to a scorpion's poison

Illustrated notes

Levels and vault maps discovered:
D:1:      erik_arrival_orb_chamber, layout_loops_corners
D:2:      layout_rooms, hellmonk_ecumenical_altar_run_dry, basic_altar
D:3:      layout_loops_ring, mainiacjoe_overflow_boulevard,
          nicolae_ru_great_annihilating_truth, minmay_close_crescents,
          uniq_robin, uniq_terence
D:4:      layout_cave_pools, nicolae_qazlal_eye_of_the_storm,
          portal_sewer_entry_f, serial_co_window_serial, co_window_paths_a,
          co_window_paths_a, co_window_of_opportunity_a, co_window_corner_a,
          co_window_paths_b, co_window_unsneaky_path_d, co_window_broadway_c,
          co_window_corner_cb, co_window_sun, co_window_paths_e
D:5:      layout_loops_ring, mainiacjoe_overflow_cross_hatched,
          minmay_temple_entry_arrows, enter_ossuary_4, serial_park_tiny_pond,
          nicolae_wooded_promenade
Temple:   hc_temple_tempest_star

Skill      XL: |  1  2  3  4  5  6  7 |
---------------+----------------------+-----
Fighting       | 1 2 3 |  3.9
Unarmed Combat | 3 4 5 6 |  6.0
Transmutations | 2 |  2.0
Spellcasting   | 2 3 |  3.0
Poison Magic   | 1 2 |  2.0
Shields        | 2 |  2.7
Dodging        | |  2.1

Action                   |  1- 3 |  4- 6 |  7- 9 || total
-------------------------+-------+-------+-------++-------
Melee: Unarmed           |    28 |    44 |    32 ||   104
       Kick              |    12 |    27 |    18 ||    57
       Headbutt          |     9 |     9 |    17 ||    35
       Dagger            |    47 |   136 |    58 ||   241
       Punch             |     3 |     6 |       ||     9
 Cast: Beastly Appendage |    31 |    32 |    15 ||    78
       Spider Form       |       |    10 |     9 ||    19
 Abil: Heal Wounds       |       |     4 |       ||     4
  Use: Potion            |       |     1 |     1 ||     2
       Scroll            |       |       |     4 ||     4
 Stab: Sleeping          |     1 |     2 |     1 ||     4
Armor: Robe              |    13 |    25 |     5 ||    43
       Skin              |       |     1 |     2 ||     3
Dodge: Dodged            |    40 |    86 |    40 ||   166
Block: Buckler           |       |       |     9 ||     9

Table legend: (Time is in decaauts)
 A = Elapsed time spent in this place.
 B = Non-inter-level travel time spent in this place.
 C = Inter-level travel time spent in this place.
 D = Time resting spent in this place.
 E = Time spent auto-exploring this place.
 F = Levels seen in this place.
 G = Mean time per level.
                   A        B        C        D        E       F      G
               +--------+--------+--------+--------+--------+-----+--------+
         Total |   6155 |   5563 |    592 |   1084 |   2621 |   8 |  769.4 |
       Dungeon |   5379 |   4818 |    561 |   1040 |   2392 |   5 | 1075.8 |
        Temple |    273 |    242 |     31 |      0 |    210 |   1 |  273.0 |
         Sewer |    186 |    186 |      0 |     32 |     18 |   1 |  186.0 |
       Ossuary |    316 |    316 |      0 |     12 |      0 |   1 |  316.0 |
               +--------+--------+--------+--------+--------+-----+--------+

Top non-repeatable levels by time:
     D:1: 1635 daAuts
     D:4: 1250 daAuts
     D:3: 1114 daAuts
     D:2: 705 daAuts
     D:5: 673 daAuts
 Ossuary: 316 daAuts
  Temple: 273 daAuts
   Sewer: 186 daAuts
